 Dungeon Crawl Stone Soup version 0.26.1-11-gd32895ea62 (webtiles) character file.

Game seed: 5499830196887960468

105 Zeld the Poker (level 4, -11/35 HPs)
             Began as a Merfolk Monk on May 25, 2021.
             Killed by divine providence
             ... invoked by an orc priest
              (14 damage)
             ... on level 3 of the Dungeon.
             The game lasted 00:03:33 (2832 turns).

Zeld the Poker (Merfolk Monk)                       Turns: 2832, Time: 00:03:34

Health: -11/35     AC:  4    Str: 12    XL:     4   Next: 81%
Magic:  4/4        EV: 14    Int:  9    God:
Gold:   136        SH:  0    Dex: 16    Spells: 3/3 levels left

rFire    . . .     SeeInvis .   a - +0 spear
rCold    . . .     Faith    .   (no shield)
rNeg     . . .     Spirit   .   b - +0 robe
rPois    .         Reflect  .   (no helmet)
rElec    .         Harm     .   (no cloak)
rCorr    .         Rampage  .   t - +0 pair of gloves
Will     .....                  f - +0 pair of boots
Stlth    ++........             (no amulet)
HPRegen  0.11/turn              (no ring)
MPRegen  0.09/turn              (no ring)

@: no status effects
A: change form in water, swift swim, stealthy swim
a: no special abilities


You were on level 3 of the Dungeon.
You visited 1 branch of the dungeon, and saw 3 of its levels.

You collected 136 gold pieces.

Inventory:

Hand Weapons
 a - a +0 spear (weapon)
Missiles
 s - 2 throwing nets
 w - 11 poisoned darts (quivered)
Armour
 b - a +0 robe (worn)
 f - a +0 pair of boots (worn)
 t - a +0 pair of gloves (worn)
Jewellery
 e - an uncursed ring of positive energy {unknown}
 u - a +4 ring of protection {unknown}
Scrolls
 g - a scroll of enchant armour {unknown}
 i - a scroll of noise {unknown}
 j - 3 scrolls of identify {unknown}
 m - 2 scrolls of remove curse {unknown}
 n - 2 scrolls of blinking {unknown}
 p - 2 scrolls of random uselessness {unknown}
 r - 3 scrolls of teleportation {unknown}
Potions
 c - a potion of might {unknown}
 d - 2 potions of mutation {unknown}
 h - 3 potions of brilliance {unknown}
 k - a potion of flight {unknown}
 l - a potion of invisibility {unknown}
 o - a potion of resistance {unknown}
 q - a potion of curing {unknown}
 v - a potion of lignification {unknown}


   Skills:
 - Level 3.2 Fighting
 * Level 7.8 Polearms
 - Level 4.0 Dodging
 - Level 2.1 Stealth


You had 3 spell levels left.
You didn't know any spells.
Your spell library was empty.

Dungeon Overview and Level Annotations

Branches:
Dungeon (3/15)

Altars:
Ashenzari
Dithmenos
Elyvilon
Kikubaaqudgha
Sif Muna


Message History

Aim: an orc priest, wielding a +0 trident and wearing a +0 leather armour (severely wounded)
You reach to attack!
You hit the orc priest.
The orc priest is almost dead.
The orc priest hits you from afar with a +0 trident.
* * * LOW HITPOINT WARNING * * *
Reach: a) +0 spear
Press: ? - help, Dir - move target, f/p - orc priest
Aim: an orc priest, wielding a +0 trident and wearing a +0 leather armour (almost dead)
You reach to attack!
You hit the orc priest but do no damage.
The orc priest is almost dead.
Reach: a) +0 spear
Press: ? - help, Dir - move target, f/p - orc priest
Aim: an orc priest, wielding a +0 trident and wearing a +0 leather armour (almost dead)
You reach to attack!
You hit the orc priest but do no damage.
The orc priest is almost dead.
The orc priest mumbles some strange prayers to Beogh against you.
Beogh smites you!
You die...

#...#.##.#......##.#.####.#
#.......)......##.#.####.#
####.###)................#
#######.# #.......##.##.#####
#.......# #.......##.##.#
#.#########.......##....#
#.#####.ā‰ˆ.#.....o.####..#
#.##... ā‰ˆ.#.......####..#
#.##.##.ā‰ˆ.####.@........#
#......# #...P..###.## #####.###
#..Pā™£......###### #.......#
##....###.......# #.###...####
##..####..####.#
#.###......#####........####.####
.....#..................#).......
#.##.#.....####....##...#.##.####
#..........# #.#######........#


You could see an orc priest.

Vanquished Creatures
  3 adders
  An ooze (D:3)
  A dart slug (D:2)
  2 leopard geckos (D:3)
  4 orcs (D:3)
  3 giant cockroaches
  7 goblins
  5 hobgoblins
  5 jackals
  2 ball pythons
  10 bats
  6 frilled lizards
  6 kobolds
  10 rats
65 creatures vanquished.

Notes
Turn   | Place    | Note
-------+----------+-------------------------------------------
     0 | D:1      | Zeld the Merfolk Monk began the quest for the Orb.
     0 | D:1      | Reached XP level 1. HP: 18/18 MP: 1/1
   266 | D:1      | Reached skill level 5 in Polearms
   271 | D:1      | Reached XP level 2. HP: 22/24 MP: 2/2
   831 | D:2      | Reached skill level 6 in Polearms
   831 | D:2      | Reached XP level 3. HP: 27/29 MP: 3/3
  1036 | D:2      | Found a shadowy altar of Dithmenos.
  1326 | D:2      | Found an ancient bone altar of Kikubaaqudgha.
  1770 | D:3      | Found a broken altar of Ashenzari.
  1782 | D:3      | Reached skill level 7 in Polearms
  1782 | D:3      | Reached XP level 4. HP: 22/35 MP: 4/4
  2411 | D:3      | Found a shimmering blue altar of Sif Muna.
  2560 | D:3      | Found a white marble altar of Elyvilon.
  2832 | D:3      | Killed from afar by an orc priest

Illustrated notes

Levels and vault maps discovered:
D:1:      dpeg_arrival_concentric_ovals, layout_basic
D:2:      layout_basic, nicolae_dithmenos_shadow_blocks,
          overflow_temple_1_default
D:3:      layout_loops_cross, nicolae_overflow_hidden_temple,
          old_standard_altar, overflow_temple_1_default, serial_park_tiny_1,
          serial_park_tiny_1, chequers_serial_rivers_micro_b,
          minmay_crystal_water

Skill      XL: |  1  2  3 |
---------------+----------+-----
Polearms       | 5 6 7 |  7.8
Fighting       | |  3.2
Dodging        | |  4.0
Stealth        | |  2.1

Action                   |  1- 3 |  4- 6 || total
-------------------------+-------+-------++-------
Melee: Spear             |   157 |    99 ||   256
       Tailslap          |       |     1 ||     1
 Stab: Sleeping          |     8 |     4 ||    12
Armor: Robe              |    23 |    13 ||    36
Dodge: Dodged            |    98 |    36 ||   134
